Punishers vs Knights
Created - November 17, 2019 at 09:31
Goals
|
| Punishers |
0 |
2 |
1 |
3 |
| Knights |
1 |
0 |
0 |
1 |
|
Shots
|
| Punishers |
3 |
5 |
15 |
23 |
| Knights |
11 |
10 |
13 |
34 |
|
1st period
1. Knights , Nathan Walker 3 (Josh Bailey 4, Jaccob Slavin 3) at 6:18
Penalties :
Slava Voynov (Pro) for Delaying the game (Minor) at 7:46
2nd period
2. Punishers , Miikka Salomaki 6 (Zack Hamill 15, Ben Betker 4) at 5:48
3. Punishers , Miikka Salomaki 7 (Jordan Schmaltz 5) at 6:04
Penalties :
Boone Jenner (Lon) for Tripping (Minor) at 6:53, John Quenneville (Pro) for Cross-checking (Minor) at 11:59
3rd period
4. Punishers , Zack Hamill 6 (Miikka Salomaki 8) at 3:43
Penalties :
Robbie Earl (Pro) for Hooking (Minor) at 4:23
Goalie Stats
Louis Domingue (Pro), 33 saves from 34 shots - (0.971), W, 5-4-1, 60:00 minutes
Magnus Hellberg (Lon), 20 saves from 23 shots - (0.870), L, 4-4-2, 60:00 minutes
Players Stats for Punishers
Player Name G A P +/- PIM S H SB GA TA FO MP PP MP PK MP
------------------------------------------------------------------------------------
Alex Schoenborn 0 0 0 0 0 0 0 0 0 0 0/1 0:54 0:09 0:00
Andreas Athanasiou 0 0 0 0 0 0 3 0 1 0 2/7 17:36 0:50 1:59
Austen Brassard 0 0 0 -1 0 0 3 0 0 0 0/0 12:13 0:00 0:00
Ben Betker 0 1 1 1 0 1 0 1 0 1 0/0 14:18 0:00 0:46
Carter Ashton 0 0 0 0 0 1 3 0 0 1 0/1 13:35 0:50 0:00
Daniel Audette 0 0 0 0 0 1 0 1 0 0 0/3 8:13 0:00 0:18
Dylan DeMelo 0 0 0 1 0 0 2 1 0 4 0/0 22:23 0:51 2:43
John Macfarland 0 0 0 0 0 1 1 0 0 0 0/0 10:00 0:00 2:00
John Quenneville 0 0 0 -1 2 1 3 1 1 1 1/4 13:38 0:00 1:08
Jordan Schmaltz 0 1 1 0 0 2 4 1 0 3 0/0 28:24 1:08 3:46
Madison Bowey 0 0 0 0 0 0 1 5 0 1 0/0 25:19 0:51 2:11
Michael Joly 0 0 0 0 0 0 0 0 0 1 0/0 9:02 0:09 0:00
Miikka Salomaki 2 1 3 3 0 8 1 1 1 0 1/1 20:25 1:00 0:53
Nikita Gusev 0 0 0 -1 0 0 0 0 0 0 0/1 12:59 0:09 0:04
Robbie Earl 0 0 0 3 2 1 3 1 0 0 3/5 21:04 1:00 1:57
Slava Voynov 0 0 0 2 2 3 2 0 2 2 0/0 27:39 1:08 2:28
Tyler Bertuzzi 0 0 0 0 0 1 2 0 1 1 0/1 14:15 0:50 0:40
Zack Hamill 1 1 2 3 0 3 4 2 1 0 17/29 22:03 1:00 2:55
Players Stats for Knights
Player Name G A P +/- PIM S H SB GA TA FO MP PP MP PK MP
------------------------------------------------------------------------------------
Boone Jenner 0 0 0 1 2 3 0 0 0 0 10/15 16:43 3:21 0:00
Brendan Gaunce 0 0 0 -1 0 4 0 0 0 1 4/6 13:10 0:03 0:52
Collin Miller 0 0 0 1 0 1 0 3 1 1 0/0 16:57 3:17 0:49
Jaccob Slavin 0 1 1 -2 0 1 1 2 3 0 0/0 26:52 3:17 1:10
Jordan Martinook 0 0 0 -2 0 4 4 0 1 0 0/1 20:50 2:56 0:14
Josh Bailey 0 1 1 1 0 3 0 1 0 0 1/1 16:21 3:21 0:00
Josh Morrissey 0 0 0 -1 0 2 1 0 0 0 0/0 16:50 0:00 0:00
Linden Vey 0 0 0 -2 0 1 1 0 1 0 0/0 21:08 2:33 0:58
Ludwig Bystrom 0 0 0 1 0 0 2 1 0 0 0/0 12:39 0:00 0:00
Michael Matheson 0 0 0 -1 0 1 3 0 1 3 0/0 20:29 2:40 0:49
Miro Aaltonen 0 0 0 -2 0 4 0 3 3 1 11/25 21:09 2:33 0:58
Nathan Walker 1 0 1 1 0 2 0 1 0 0 1/1 12:58 0:00 0:00
Nicolas Petan 0 0 0 0 0 0 1 0 0 0 1/2 8:58 0:00 0:09
Nikolay Goldobin 0 0 0 -1 0 1 1 2 0 0 1/2 12:11 0:00 0:00
Scott Wilson 0 0 0 0 0 0 0 0 2 0 0/0 10:42 0:28 0:47
Tomas Kundratek 0 0 0 -2 0 3 2 1 1 1 0/0 26:13 2:40 1:10
Valentin Zykov 0 0 0 -1 0 2 3 0 0 0 0/0 14:32 2:33 0:00
Vince Hinostroza 0 0 0 0 0 2 1 0 2 0 0/0 9:18 0:03 0:00
3 Stars
1 - Miikka Salomaki (Pro)
2 - Zack Hamill (Pro)
3 - Louis Domingue (Pro)
Power Play
Punishers - 0 on 1 Attempt(s) - 0.00%
Knights - 0 on 3 Attempt(s) - 0.00%
Penalty Kill
Punishers - 3 on 3 Attempt(s) - 100.00%
- Score 0 goal in Penalty Kill
Knights - 1 on 1 Attempt(s) - 100.00%
- Score 0 goal in Penalty Kill
Team Stat
Punishers - Hits : 32 - Faceoff Wins : 24 - Blocked Shots : 14 - Penalty Minutes : 6
Knights - Hits : 20 - Faceoff Wins : 29 - Blocked Shots : 14 - Penalty Minutes : 2
Official
Referees : Unknown
Linesman : Unknown
Game Notes
No Game Note
Finance
Level 1 -- Attendance: 1416 (70.80%) -- Ticket Income $28,320
Level 2 -- Attendance: 730 (73.00%) -- Ticket Income $9,490
Total Attendance: 2146 (71.53%)
Total Ticket Income: $37,810
Other Income: $1,890
Total Income: $39,700
Punishers
5 vs 5 Forward
Center Left Wing Right Wing Time % Phy DF OF
1 Zack Hamill Robbie Earl Miikka Salomaki 40 1 2 2
2 Andreas Athanasiou Tyler Bertuzzi Carter Ashton 30 1 2 2
3 John Quenneville Nikita Gusev Austen Brassard 20 1 2 2
4 Daniel Audette John Macfarland Michael Joly 10 1 2 2
5 vs 5 Defense
Defense Defense Time % Phy DF OF
1 Slava Voynov Jordan Schmaltz 40 1 2 2
2 Madison Bowey Dylan DeMelo 30 1 2 2
3 Ben Betker Slava Voynov 20 1 2 2
4 Jordan Schmaltz Madison Bowey 10 1 2 2
PowerPlay Forward
Center Left Wing Right Wing Time % Phy DF OF
1 Zack Hamill Robbie Earl Miikka Salomaki 60 1 2 2
2 Andreas Athanasiou Tyler Bertuzzi Carter Ashton 40 1 2 2
PowerPlay Defense
Defense Defense Time % Phy DF OF
1 Slava Voynov Jordan Schmaltz 60 1 2 2
2 Madison Bowey Dylan DeMelo 40 1 2 2
Penalty Kill 4 Players Forward
Center Wing Time % Phy DF OF
1 Zack Hamill Robbie Earl 60 1 2 2
2 Miikka Salomaki Andreas Athanasiou 40 1 2 2
Penalty Kill 4 Players Defense
Defense Defense Time % Phy DF OF
1 Slava Voynov Jordan Schmaltz 60 1 2 2
2 Madison Bowey Dylan DeMelo 40 1 2 2
Penalty Kill - 3 Players Forward
Forward Time % Phy DF OF
1 Zack Hamill 60 1 2 2
2 Robbie Earl 40 1 2 2
Penalty Kill - 3 Players Defense
Defense Defense Time % Phy DF OF
1 Slava Voynov Jordan Schmaltz 60 1 2 2
2 Madison Bowey Dylan DeMelo 40 1 2 2
4 vs 4 Forward
Center Wing Time % Phy DF OF
1 Zack Hamill Robbie Earl 60 1 2 2
2 Miikka Salomaki Andreas Athanasiou 40 1 2 2
4 vs 4 Defense
Defense Defense Time % Phy DF OF
1 Slava Voynov Jordan Schmaltz 60 1 2 2
2 Madison Bowey Dylan DeMelo 40 1 2 2
Last Minutes Offensive
Center Left Wing Right Wing Defense Defense
Zack Hamill Robbie Earl Miikka Salomaki Slava Voynov Jordan Schmaltz
Last Minutes Defensive
Center Left Wing Right Wing Defense Defense
Zack Hamill Robbie Earl Miikka Salomaki Slava Voynov Jordan Schmaltz
Goaltenders
Starting : Louis Domingue
Backup : Daniel Altshuller
Extra Forwards
Normal : Alex Schoenborn, Nikita Gusev, John Quenneville - PP : Alex Schoenborn, Nikita Gusev - PK : John Quenneville
Extra Defensemen
Normal : Ben Betker, Dylan DeMelo, Slava Voynov - PP : Ben Betker - PK : Dylan DeMelo, Slava Voynov
Penalty Shots
Zack Hamill, Robbie Earl, Miikka Salomaki, Andreas Athanasiou, Carter Ashton
Scratches
Radek Faksa (Healthy), Adam Pelech (Healthy), Garret Ross (Healthy)
Knights
5 vs 5 Forward
Center Left Wing Right Wing Time % Phy DF OF
1 Miro Aaltonen Jordan Martinook Linden Vey 40 1 2 2
2 Boone Jenner Nathan Walker Josh Bailey 30 1 2 2
3 Brendan Gaunce Valentin Zykov Nikolay Goldobin 20 1 2 2
4 Nicolas Petan Scott Wilson Vince Hinostroza 10 1 2 2
5 vs 5 Defense
Defense Defense Time % Phy DF OF
1 Jaccob Slavin Tomas Kundratek 40 1 2 2
2 Michael Matheson Josh Morrissey 30 1 2 2
3 Collin Miller Ludwig Bystrom 20 1 2 2
4 Tomas Kundratek Jaccob Slavin 10 1 2 2
PowerPlay Forward
Center Left Wing Right Wing Time % Phy DF OF
1 Boone Jenner Jordan Martinook Josh Bailey 60 1 1 3
2 Miro Aaltonen Valentin Zykov Linden Vey 40 1 1 3
PowerPlay Defense
Defense Defense Time % Phy DF OF
1 Jaccob Slavin Collin Miller 60 0 1 4
2 Michael Matheson Tomas Kundratek 40 0 1 4
Penalty Kill 4 Players Forward
Center Wing Time % Phy DF OF
1 Boone Jenner Linden Vey 60 1 3 1
2 Brendan Gaunce Josh Bailey 40 1 3 1
Penalty Kill 4 Players Defense
Defense Defense Time % Phy DF OF
1 Tomas Kundratek Jaccob Slavin 60 1 3 1
2 Michael Matheson Collin Miller 40 1 3 1
Penalty Kill - 3 Players Forward
Forward Time % Phy DF OF
1 Jordan Martinook 60 0 4 1
2 Linden Vey 40 0 4 1
Penalty Kill - 3 Players Defense
Defense Defense Time % Phy DF OF
1 Tomas Kundratek Jaccob Slavin 60 1 3 1
2 Michael Matheson Collin Miller 40 1 3 1
4 vs 4 Forward
Center Wing Time % Phy DF OF
1 Miro Aaltonen Linden Vey 60 1 2 2
2 Brendan Gaunce Josh Bailey 40 1 2 2
4 vs 4 Defense
Defense Defense Time % Phy DF OF
1 Jaccob Slavin Tomas Kundratek 60 1 2 2
2 Michael Matheson Collin Miller 40 1 2 2
Last Minutes Offensive
Center Left Wing Right Wing Defense Defense
Miro Aaltonen Linden Vey Josh Bailey Jaccob Slavin Tomas Kundratek
Last Minutes Defensive
Center Left Wing Right Wing Defense Defense
Boone Jenner Linden Vey Jordan Martinook Tomas Kundratek Jaccob Slavin
Goaltenders
Starting : Magnus Hellberg
Backup : Elvis Merzlikins
Extra Forwards
Normal : Jordan Martinook, Linden Vey, Miro Aaltonen - PP : Linden Vey, Miro Aaltonen - PK : Miro Aaltonen
Extra Defensemen
Normal : Jaccob Slavin, Michael Matheson, Tomas Kundratek - PP : Michael Matheson - PK : Jaccob Slavin, Michael Matheson
Penalty Shots
Miro Aaltonen, Jordan Martinook, Brendan Gaunce, Nathan Walker, Linden Vey
Scratches
Zach Nastasiuk (Healthy), Nicklas Jensen (Healthy), Alan Quine (Healthy), David Shields (Healthy), Matthew Benning (Healthy)
Trevor Moore (Healthy), Curtis Valk (Healthy), Anthony Louis (Healthy), Travis Boyd (Healthy), Fredrik Claesson (Healthy)
Mackenzie MacEachern (Healthy), Anton Blidh (Healthy), Jayce Hawryluk (Healthy), A.J. Jenks (Healthy), Ryan Collins (Healthy)
William Lagesson (Healthy), Eamon McAdam (Healthy), Philippe Desrosiers (Healthy), Ville Husso (Healthy)
% Time on Ice - Punishers
Lines # - Real PCT - Wanted PCT - Time Play
Normal Forward
1 - 36% - 40% - 18:43
2 - 25% - 30% - 13:13
3 - 23% - 20% - 12:13
4 - 15% - 10% - 7:55
Normal Defense
1 - 34% - 40% - 17:28
2 - 34% - 30% - 17:47
3 - 22% - 20% - 11:40
4 - 10% - 10% - 5:09
PP Forward
1 - 58% - 60% - 1:09
2 - 42% - 40% - 0:50
PP Defense
1 - 57% - 60% - 1:08
2 - 43% - 40% - 0:51
PK Forward
1 - 85% - 60% - 5:04
2 - 15% - 40% - 0:53
PK Defense
1 - 63% - 60% - 3:46
2 - 37% - 40% - 2:11
PK3 Forward
1 - 0% - 60%
2 - 0% - 40%
PK3 Defense
1 - 0% - 60%
2 - 0% - 40%
44 Forward
1 - 0% - 60%
2 - 0% - 40%
44 Defense
1 - 0% - 60%
2 - 0% - 40%
Last Minute Offensive - 0:00
Last Minute Defensive - 0:00
Total
Forward - 60:00
Defense - 60:00
|
% Time on Ice - Knights
Lines # - Real PCT - Wanted PCT - Time Play
Normal Forward
1 - 35% - 40% - 18:02
2 - 25% - 30% - 13:02
3 - 23% - 20% - 12:11
4 - 17% - 10% - 8:49
Normal Defense
1 - 36% - 40% - 18:40
2 - 35% - 30% - 18:08
3 - 24% - 20% - 12:39
4 - 5% - 10% - 2:37
PP Forward
1 - 57% - 60% - 3:24
2 - 43% - 40% - 2:33
PP Defense
1 - 55% - 60% - 3:17
2 - 45% - 40% - 2:40
PK Forward
1 - 100% - 60% - 1:59
2 - 0% - 40% - 0:00
PK Defense
1 - 59% - 60% - 1:10
2 - 41% - 40% - 0:49
PK3 Forward
1 - 0% - 60%
2 - 0% - 40%
PK3 Defense
1 - 0% - 60%
2 - 0% - 40%
44 Forward
1 - 0% - 60%
2 - 0% - 40%
44 Defense
1 - 0% - 60%
2 - 0% - 40%
Last Minute Offensive - 0:00
Last Minute Defensive - 0:00
Total
Forward - 60:00
Defense - 60:00
|
Play-by-Play
1st period
0:01 of 1st period - Zack Hamill wins face-off versus Miro Aaltonen in neutral zone.
1:26 of 1st period - Vince Hinostroza is hit by Andreas Athanasiou and loses puck.
1:33 of 1st period - Ludwig Bystrom is hit by Tyler Bertuzzi and loses puck.
1:42 of 1st period - Slapshot by Collin Miller.
1:42 of 1st period - Shot Blocked by Zack Hamill.
1:58 of 1st period - Snap shot by Scott Wilson.
1:58 of 1st period - Shot Blocked by Ben Betker.
2:00 of 1st period - Snap shot by Scott Wilson.
2:00 of 1st period - Shot Misses the Net.
2:02 of 1st period - Slapshot by Tomas Kundratek.
2:02 of 1st period - Deflect By Vince Hinostroza.
2:02 of 1st period - Stopped by Louis Domingue with a rebound.
2:18 of 1st period - Wrist shot by Vince Hinostroza.
2:18 of 1st period - Shot Misses the Net.
2:20 of 1st period - Slapshot by Tomas Kundratek.
2:20 of 1st period - Deflect By Vince Hinostroza.
2:20 of 1st period - Shot Blocked by Robbie Earl.
2:20 of 1st period - Puck is out of play.
2:21 of 1st period - Andreas Athanasiou wins face-off versus Miro Aaltonen in Punishers zone.
2:48 of 1st period - Icing by Ludwig Bystrom.
2:49 of 1st period - Boone Jenner wins face-off versus Nikita Gusev in Knights zone.
2:54 of 1st period - Wrist shot by Boone Jenner.
2:54 of 1st period - Stopped by Louis Domingue without a rebound.
2:55 of 1st period - Zack Hamill wins face-off versus Miro Aaltonen in Punishers zone.
3:26 of 1st period - Snap shot by Tyler Bertuzzi.
3:26 of 1st period - Shot Misses the Net.
3:40 of 1st period - Slapshot by Brendan Gaunce.
3:40 of 1st period - Shot Misses the Net.
3:50 of 1st period - Wrist shot by Brendan Gaunce.
3:50 of 1st period - Stopped by Louis Domingue with a rebound.
4:04 of 1st period - Slapshot by Jordan Schmaltz.
4:04 of 1st period - Stopped by Magnus Hellberg without a rebound.
4:05 of 1st period - Miro Aaltonen wins face-off versus Zack Hamill in Knights zone.
5:00 of 1st period - Snap shot by John Macfarland.
5:00 of 1st period - Shot Blocked by Collin Miller.
5:02 of 1st period - Wrist shot by Dylan DeMelo.
5:02 of 1st period - Deflect By Daniel Audette.
5:02 of 1st period - Stopped by Magnus Hellberg without a rebound.
5:03 of 1st period - Robbie Earl wins face-off versus Miro Aaltonen in Knights zone.
6:16 of 1st period - Slapshot by Nathan Walker.
6:16 of 1st period - Shot Blocked by Madison Bowey.
6:18 of 1st period - Snap shot by Nathan Walker.
6:18 of 1st period - Goal by Nathan Walker - Punishers : 0 - Knights : 1.
6:19 of 1st period - Zack Hamill wins face-off versus Miro Aaltonen in neutral zone.
6:33 of 1st period - Snap shot by Miro Aaltonen.
6:33 of 1st period - Stopped by Louis Domingue without a rebound.
6:34 of 1st period - Brendan Gaunce wins face-off versus Andreas Athanasiou in Punishers zone.
6:41 of 1st period - Nikolay Goldobin is hit by Carter Ashton and loses puck.
6:57 of 1st period - Icing by Carter Ashton.
6:58 of 1st period - Miro Aaltonen wins face-off versus Zack Hamill in Punishers zone.
7:07 of 1st period - Wrist shot by Linden Vey.
7:07 of 1st period - Shot Blocked by Zack Hamill.
7:31 of 1st period - Snap shot by Tyler Bertuzzi.
7:31 of 1st period - Shot Blocked by Miro Aaltonen.
7:46 of 1st period - Minor Penalty to Slava Voynov for Delaying the game.
7:47 of 1st period - Boone Jenner wins face-off versus Robbie Earl in Punishers zone.
8:58 of 1st period - Icing by Jaccob Slavin.
8:59 of 1st period - Boone Jenner wins face-off versus John Quenneville in Knights zone.
9:38 of 1st period - Icing by Boone Jenner.
9:39 of 1st period - Miikka Salomaki wins face-off versus Boone Jenner in Knights zone.
9:46 of 1st period - Penalty to Slava Voynov is over, Slava Voynov is back on ice.
9:59 of 1st period - Snap shot by Miikka Salomaki.
9:59 of 1st period - Stopped by Magnus Hellberg with a rebound.
10:19 of 1st period - Austen Brassard is hit by Valentin Zykov and loses puck.
10:40 of 1st period - Madison Bowey is hit by Jordan Martinook and loses puck.
11:04 of 1st period - Slapshot by Miikka Salomaki.
11:04 of 1st period - Shot Misses the Net.
11:14 of 1st period - Tyler Bertuzzi is hit by Michael Matheson and loses puck.
11:45 of 1st period - Slapshot by Slava Voynov.
11:45 of 1st period - Shot Blocked by Nikolay Goldobin.
11:57 of 1st period - Dylan DeMelo is hit by Jordan Martinook and loses puck.
12:04 of 1st period - Slapshot by Miro Aaltonen.
12:04 of 1st period - Deflect By Jordan Martinook.
12:04 of 1st period - Shot Misses the Net.
12:04 of 1st period - Puck is out of play.
12:05 of 1st period - Zack Hamill wins face-off versus Miro Aaltonen in Punishers zone.
12:14 of 1st period - Linden Vey is hit by Robbie Earl and loses puck.
12:40 of 1st period - Michael Matheson is hit by John Quenneville and loses puck.
13:03 of 1st period - Slapshot by Brendan Gaunce.
13:03 of 1st period - Stopped by Louis Domingue with a rebound.
13:59 of 1st period - Slapshot by Josh Bailey.
13:59 of 1st period - Stopped by Louis Domingue with a rebound.
14:01 of 1st period - Wrist shot by Boone Jenner.
14:01 of 1st period - Shot Hit the Post.
14:03 of 1st period - Backhand shot by Tomas Kundratek.
14:03 of 1st period - Deflect By Boone Jenner.
14:03 of 1st period - Shot Misses the Net.
14:03 of 1st period - Puck is out of play.
14:04 of 1st period - Boone Jenner wins face-off versus Zack Hamill in Punishers zone.
14:34 of 1st period - Jordan Martinook is hit by Andreas Athanasiou.
15:32 of 1st period - Wrist shot by Josh Bailey.
15:32 of 1st period - Shot Misses the Net.
15:34 of 1st period - Snap shot by Josh Bailey.
15:34 of 1st period - Stopped by Louis Domingue with a rebound.
15:36 of 1st period - Snap shot by Boone Jenner.
15:36 of 1st period - Shot Blocked by Miikka Salomaki.
17:15 of 1st period - Wrist shot by Miro Aaltonen.
17:15 of 1st period - Stopped by Louis Domingue with a rebound.
17:38 of 1st period - Snap shot by John Quenneville.
17:38 of 1st period - Shot Blocked by Nikolay Goldobin.
17:49 of 1st period - Jaccob Slavin is hit by Andreas Athanasiou and loses puck.
18:02 of 1st period - Robbie Earl is hit by Tomas Kundratek and loses puck.
18:29 of 1st period - Collin Miller is hit by Zack Hamill and loses puck.
19:02 of 1st period - Slapshot by Collin Miller.
19:02 of 1st period - Stopped by Louis Domingue with a rebound.
19:30 of 1st period - Snap shot by Vince Hinostroza.
19:30 of 1st period - Shot Misses the Net.
19:32 of 1st period - Slapshot by Vince Hinostroza.
19:32 of 1st period - Shot Misses the Net.
19:34 of 1st period - Slapshot by Jaccob Slavin.
19:34 of 1st period - Stopped by Louis Domingue with a rebound.
Goals for this period are 0 for Punishers vs 1 for Knights.
Shots for this period are 3 for Punishers vs 11 for Knights.
2nd period
0:01 of 2nd period - Zack Hamill wins face-off versus Miro Aaltonen in neutral zone.
0:16 of 2nd period - Snap shot by Robbie Earl.
0:16 of 2nd period - Shot Misses the Net.
0:26 of 2nd period - Jordan Martinook is hit by Jordan Schmaltz.
0:34 of 2nd period - Ludwig Bystrom is hit by Slava Voynov and loses puck.
0:56 of 2nd period - Slapshot by Carter Ashton.
0:56 of 2nd period - Stopped by Magnus Hellberg without a rebound.
0:57 of 2nd period - Zack Hamill wins face-off versus Boone Jenner in Knights zone.
1:13 of 2nd period - Icing by Boone Jenner.
1:14 of 2nd period - Nathan Walker wins face-off versus Tyler Bertuzzi in Knights zone.
2:01 of 2nd period - Valentin Zykov is hit by John Quenneville and loses puck.
2:28 of 2nd period - Slapshot by Michael Matheson.
2:28 of 2nd period - Shot Blocked by Madison Bowey.
2:30 of 2nd period - Slapshot by Nicolas Petan.
2:30 of 2nd period - Shot Blocked by Jordan Schmaltz.
3:04 of 2nd period - Robbie Earl is hit by Ludwig Bystrom and loses puck.
3:38 of 2nd period - Valentin Zykov is hit by Dylan DeMelo.
3:43 of 2nd period - Icing by Tomas Kundratek.
3:44 of 2nd period - Brendan Gaunce wins face-off versus Andreas Athanasiou in Knights zone.
3:53 of 2nd period - Tyler Bertuzzi is hit by Valentin Zykov.
4:15 of 2nd period - Slapshot by Jaccob Slavin.
4:15 of 2nd period - Shot Blocked by Madison Bowey.
4:29 of 2nd period - Snap shot by Brendan Gaunce.
4:29 of 2nd period - Shot Misses the Net.
4:35 of 2nd period - Tomas Kundratek is hit by Zack Hamill.
4:39 of 2nd period - Brendan Gaunce is hit by Zack Hamill and loses puck.
5:15 of 2nd period - Icing by Michael Matheson.
5:16 of 2nd period - Robbie Earl wins face-off versus Boone Jenner in Knights zone.
5:22 of 2nd period - Off-side.
5:23 of 2nd period - Miro Aaltonen wins face-off versus Zack Hamill in neutral zone.
5:30 of 2nd period - Snap shot by Jordan Martinook.
5:30 of 2nd period - Stopped by Louis Domingue with a rebound.
5:33 of 2nd period - Icing by Ben Betker.
5:34 of 2nd period - Miro Aaltonen wins face-off versus Zack Hamill in Punishers zone.
5:35 of 2nd period - Snap shot by Linden Vey.
5:35 of 2nd period - Deflect By Jordan Martinook.
5:35 of 2nd period - Stopped by Louis Domingue with a rebound.
5:41 of 2nd period - Josh Morrissey is hit by Zack Hamill and loses puck.
5:48 of 2nd period - Slapshot by Miikka Salomaki.
5:48 of 2nd period - Goal by Miikka Salomaki - Punishers : 1 - Knights : 1.
5:49 of 2nd period - Miro Aaltonen wins face-off versus Zack Hamill in neutral zone.
6:04 of 2nd period - Snap shot by Miikka Salomaki.
6:04 of 2nd period - Goal by Miikka Salomaki - Punishers : 2 - Knights : 1.
6:05 of 2nd period - Zack Hamill wins face-off versus Miro Aaltonen in neutral zone.
6:12 of 2nd period - Slapshot by Robbie Earl.
6:12 of 2nd period - Shot Blocked by Jaccob Slavin.
6:14 of 2nd period - Backhand shot by Miikka Salomaki.
6:14 of 2nd period - Stopped by Magnus Hellberg without a rebound.
6:15 of 2nd period - Zack Hamill wins face-off versus Jordan Martinook in Knights zone.
6:27 of 2nd period - Snap shot by Miikka Salomaki.
6:27 of 2nd period - Stopped by Magnus Hellberg without a rebound.
6:28 of 2nd period - Miro Aaltonen wins face-off versus Zack Hamill in Knights zone.
6:28 of 2nd period - Miro Aaltonen is hit by Jordan Schmaltz.
6:34 of 2nd period - Wrist shot by Miro Aaltonen.
6:34 of 2nd period - Deflect By Jordan Martinook.
6:34 of 2nd period - Stopped by Louis Domingue with a rebound.
6:36 of 2nd period - Backhand shot by Tomas Kundratek.
6:36 of 2nd period - Stopped by Louis Domingue with a rebound.
6:38 of 2nd period - Snap shot by Jordan Martinook.
6:38 of 2nd period - Shot Misses the Net.
6:53 of 2nd period - Minor Penalty to Boone Jenner for Tripping.
6:54 of 2nd period - Zack Hamill wins face-off versus Miro Aaltonen in Knights zone.
6:56 of 2nd period - Wrist shot by Zack Hamill.
6:56 of 2nd period - Shot Misses the Net.
8:53 of 2nd period - Penalty to Boone Jenner is over, Boone Jenner is back on ice.
8:53 of 2nd period - Icing by Nikita Gusev.
8:54 of 2nd period - Boone Jenner wins face-off versus Alex Schoenborn in Punishers zone.
8:59 of 2nd period - Wrist shot by Josh Bailey.
8:59 of 2nd period - Shot Misses the Net.
9:01 of 2nd period - Slapshot by Josh Morrissey.
9:01 of 2nd period - Stopped by Louis Domingue without a rebound.
9:02 of 2nd period - Boone Jenner wins face-off versus John Quenneville in Punishers zone.
9:29 of 2nd period - Valentin Zykov is hit by Robbie Earl and loses puck.
10:12 of 2nd period - Slapshot by Tomas Kundratek.
10:12 of 2nd period - Stopped by Louis Domingue with a rebound.
10:14 of 2nd period - Wrist shot by Boone Jenner.
10:14 of 2nd period - Shot Misses the Net.
10:22 of 2nd period - Snap shot by Nathan Walker.
10:22 of 2nd period - Stopped by Louis Domingue without a rebound.
10:23 of 2nd period - Brendan Gaunce wins face-off versus Zack Hamill in Punishers zone.
10:28 of 2nd period - Slapshot by Valentin Zykov.
10:28 of 2nd period - Stopped by Louis Domingue without a rebound.
10:29 of 2nd period - Zack Hamill wins face-off versus Nikolay Goldobin in Punishers zone.
10:29 of 2nd period - Zack Hamill is hit by Ludwig Bystrom.
10:45 of 2nd period - Slapshot by Robbie Earl.
10:45 of 2nd period - Shot Blocked by Ludwig Bystrom.
11:02 of 2nd period - Off-side.
11:03 of 2nd period - Zack Hamill wins face-off versus Miro Aaltonen in neutral zone.
11:10 of 2nd period - Snap shot by Zack Hamill.
11:10 of 2nd period - Shot Blocked by Miro Aaltonen.
11:35 of 2nd period - Slapshot by Slava Voynov.
11:35 of 2nd period - Shot Blocked by Tomas Kundratek.
11:59 of 2nd period - Minor Penalty to John Quenneville for Cross-checking.
12:00 of 2nd period - Robbie Earl wins face-off versus Boone Jenner in Punishers zone.
13:44 of 2nd period - John Macfarland is hit by Michael Matheson and loses puck.
13:59 of 2nd period - Penalty to John Quenneville is over, John Quenneville is back on ice.
14:25 of 2nd period - Tomas Kundratek is hit by Madison Bowey and loses puck.
14:46 of 2nd period - Vince Hinostroza is hit by Dylan DeMelo and loses puck.
14:57 of 2nd period - Collin Miller is hit by Austen Brassard and loses puck.
17:12 of 2nd period - Brendan Gaunce is hit by Carter Ashton and loses puck.
17:42 of 2nd period - Icing by Zack Hamill.
17:43 of 2nd period - Zack Hamill wins face-off versus Miro Aaltonen in Punishers zone.
18:07 of 2nd period - Dylan DeMelo is hit by Tomas Kundratek.
18:20 of 2nd period - Tyler Bertuzzi is hit by Jordan Martinook and loses puck.
18:43 of 2nd period - Slapshot by John Macfarland.
18:43 of 2nd period - Shot Misses the Net.
19:04 of 2nd period - Scott Wilson is hit by Jordan Schmaltz and loses puck.
19:35 of 2nd period - Snap shot by Miro Aaltonen.
19:35 of 2nd period - Stopped by Louis Domingue without a rebound.
19:36 of 2nd period - Boone Jenner wins face-off versus Zack Hamill in Punishers zone.
19:37 of 2nd period - Wrist shot by Josh Bailey.
19:37 of 2nd period - Stopped by Louis Domingue with a rebound.
Goals for this period are 2 for Punishers vs 0 for Knights.
Shots for this period are 5 for Punishers vs 10 for Knights.
3rd period
0:01 of 3rd period - Zack Hamill wins face-off versus Miro Aaltonen in neutral zone.
0:27 of 3rd period - Off-side.
0:28 of 3rd period - Josh Bailey wins face-off versus Andreas Athanasiou in neutral zone.
0:33 of 3rd period - Snap shot by Nathan Walker.
0:33 of 3rd period - Shot Misses the Net.
0:58 of 3rd period - Wrist shot by Tomas Kundratek.
0:58 of 3rd period - Deflect By Zack Hamill.
0:58 of 3rd period - Stopped by Louis Domingue without a rebound.
0:59 of 3rd period - Zack Hamill wins face-off versus Miro Aaltonen in Punishers zone.
1:04 of 3rd period - Snap shot by Miikka Salomaki.
1:04 of 3rd period - Shot Misses the Net.
1:22 of 3rd period - Wrist shot by Miikka Salomaki.
1:22 of 3rd period - Stopped by Magnus Hellberg without a rebound.
1:23 of 3rd period - Boone Jenner wins face-off versus Carter Ashton in Knights zone.
1:48 of 3rd period - Dylan DeMelo is hit by Jordan Martinook and loses puck.
2:13 of 3rd period - Wrist shot by Miikka Salomaki.
2:13 of 3rd period - Shot Hit the Post.
2:15 of 3rd period - Slapshot by Madison Bowey.
2:15 of 3rd period - Shot Misses the Net.
2:17 of 3rd period - Snap shot by Zack Hamill.
2:17 of 3rd period - Stopped by Magnus Hellberg with a rebound.
2:19 of 3rd period - Slapshot by Dylan DeMelo.
2:19 of 3rd period - Shot Blocked by Jaccob Slavin.
2:53 of 3rd period - Icing by Michael Joly.
2:54 of 3rd period - Miro Aaltonen wins face-off versus Daniel Audette in Punishers zone.
3:03 of 3rd period - Slapshot by John Macfarland.
3:03 of 3rd period - Stopped by Magnus Hellberg with a rebound.
3:05 of 3rd period - Slapshot by Slava Voynov.
3:05 of 3rd period - Shot Blocked by Collin Miller.
3:07 of 3rd period - Slapshot by Slava Voynov.
3:07 of 3rd period - Stopped by Magnus Hellberg with a rebound.
3:09 of 3rd period - Snap shot by John Macfarland.
3:09 of 3rd period - Shot Blocked by Miro Aaltonen.
3:11 of 3rd period - Slapshot by Jordan Schmaltz.
3:11 of 3rd period - Stopped by Magnus Hellberg without a rebound.
3:12 of 3rd period - Boone Jenner wins face-off versus Zack Hamill in Knights zone.
3:17 of 3rd period - Backhand shot by Michael Matheson.
3:17 of 3rd period - Stopped by Louis Domingue with a rebound.
3:37 of 3rd period - Robbie Earl is hit by Valentin Zykov.
3:43 of 3rd period - Snap shot by Zack Hamill.
3:43 of 3rd period - Goal by Zack Hamill - Punishers : 3 - Knights : 1.
3:44 of 3rd period - Miro Aaltonen wins face-off versus Andreas Athanasiou in neutral zone.
4:09 of 3rd period - Tomas Kundratek is hit by John Quenneville and loses puck.
4:20 of 3rd period - Snap shot by Boone Jenner.
4:20 of 3rd period - Stopped by Louis Domingue without a rebound.
4:21 of 3rd period - Zack Hamill wins face-off versus Brendan Gaunce in Punishers zone.
4:23 of 3rd period - Minor Penalty to Robbie Earl for Hooking.
4:24 of 3rd period - Boone Jenner wins face-off versus Zack Hamill in Punishers zone.
4:26 of 3rd period - Slapshot by Jordan Martinook.
4:26 of 3rd period - Shot Misses the Net.
6:00 of 3rd period - Jordan Schmaltz is hit by Linden Vey.
6:23 of 3rd period - Penalty to Robbie Earl is over, Robbie Earl is back on ice.
6:30 of 3rd period - Austen Brassard is hit by Michael Matheson and loses puck.
6:51 of 3rd period - Ben Betker is hit by Nikolay Goldobin and loses puck.
7:54 of 3rd period - Slapshot by Dylan DeMelo.
7:54 of 3rd period - Shot Misses the Net.
8:06 of 3rd period - Dylan DeMelo is hit by Nicolas Petan.
8:21 of 3rd period - Linden Vey is hit by Austen Brassard and loses puck.
8:38 of 3rd period - Snap shot by Josh Bailey.
8:38 of 3rd period - Shot Blocked by Daniel Audette.
8:44 of 3rd period - Collin Miller is hit by Jordan Schmaltz and loses puck.
9:11 of 3rd period - Slapshot by Nicolas Petan.
9:11 of 3rd period - Deflect By Scott Wilson.
9:11 of 3rd period - Shot Misses the Net.
9:11 of 3rd period - Puck is out of play.
9:12 of 3rd period - John Quenneville wins face-off versus Nicolas Petan in Punishers zone.
9:19 of 3rd period - Austen Brassard is hit by Vince Hinostroza and loses puck.
9:43 of 3rd period - Snap shot by Miro Aaltonen.
9:43 of 3rd period - Deflect By Linden Vey.
9:43 of 3rd period - Stopped by Louis Domingue with a rebound.
9:56 of 3rd period - Off-side.
9:57 of 3rd period - Zack Hamill wins face-off versus Brendan Gaunce in neutral zone.
10:02 of 3rd period - Snap shot by Robbie Earl.
10:02 of 3rd period - Shot Misses the Net.
10:04 of 3rd period - Slapshot by Ben Betker.
10:04 of 3rd period - Stopped by Magnus Hellberg with a rebound.
10:06 of 3rd period - Backhand shot by Slava Voynov.
10:06 of 3rd period - Deflect By Jaccob Slavin.
10:06 of 3rd period - Stopped by Magnus Hellberg with a rebound.
10:08 of 3rd period - Slapshot by Ben Betker.
10:08 of 3rd period - Shot Misses the Net.
10:10 of 3rd period - Slapshot by Zack Hamill.
10:10 of 3rd period - Shot Misses the Net.
10:12 of 3rd period - Snap shot by Robbie Earl.
10:12 of 3rd period - Stopped by Magnus Hellberg with a rebound.
10:22 of 3rd period - Jordan Martinook is hit by Tyler Bertuzzi and loses puck.
10:33 of 3rd period - Slapshot by Miro Aaltonen.
10:33 of 3rd period - Stopped by Louis Domingue with a rebound.
10:43 of 3rd period - Wrist shot by Vince Hinostroza.
10:43 of 3rd period - Deflect By Austen Brassard.
10:43 of 3rd period - Stopped by Louis Domingue without a rebound.
10:44 of 3rd period - Nicolas Petan wins face-off versus John Quenneville in Punishers zone.
11:18 of 3rd period - Collin Miller is hit by Austen Brassard and loses puck.
11:35 of 3rd period - Slapshot by Vince Hinostroza.
11:35 of 3rd period - Shot Blocked by John Quenneville.
11:37 of 3rd period - Snap shot by Vince Hinostroza.
11:37 of 3rd period - Shot Misses the Net.
11:58 of 3rd period - Off-side.
11:59 of 3rd period - Miro Aaltonen wins face-off versus Robbie Earl in neutral zone.
12:04 of 3rd period - Snap shot by Jordan Martinook.
12:04 of 3rd period - Shot Misses the Net.
12:10 of 3rd period - Snap shot by Jordan Martinook.
12:10 of 3rd period - Shot Hit the Post.
12:12 of 3rd period - Slapshot by Josh Morrissey.
12:12 of 3rd period - Stopped by Louis Domingue with a rebound.
12:14 of 3rd period - Snap shot by Miro Aaltonen.
12:14 of 3rd period - Shot Blocked by Madison Bowey.
12:43 of 3rd period - Snap shot by Brendan Gaunce.
12:43 of 3rd period - Deflect By Nikolay Goldobin.
12:43 of 3rd period - Stopped by Louis Domingue without a rebound.
12:44 of 3rd period - Nikolay Goldobin wins face-off versus Daniel Audette in Punishers zone.
12:59 of 3rd period - Snap shot by Nikolay Goldobin.
12:59 of 3rd period - Shot Misses the Net.
13:16 of 3rd period - Slapshot by Jordan Schmaltz.
13:16 of 3rd period - Shot Misses the Net.
13:22 of 3rd period - Wrist shot by Josh Bailey.
13:22 of 3rd period - Shot Misses the Net.
13:32 of 3rd period - Miro Aaltonen is hit by Miikka Salomaki and loses puck.
13:37 of 3rd period - Wrist shot by Miikka Salomaki.
13:37 of 3rd period - Shot Misses the Net.
13:39 of 3rd period - Snap shot by Robbie Earl.
13:39 of 3rd period - Shot Misses the Net.
13:41 of 3rd period - Snap shot by Zack Hamill.
13:41 of 3rd period - Stopped by Magnus Hellberg without a rebound.
13:42 of 3rd period - Zack Hamill wins face-off versus Boone Jenner in Knights zone.
13:47 of 3rd period - Slapshot by Miikka Salomaki.
13:47 of 3rd period - Stopped by Magnus Hellberg with a rebound.
13:49 of 3rd period - Slapshot by Ben Betker.
13:49 of 3rd period - Shot Blocked by Josh Bailey.
13:51 of 3rd period - Snap shot by Robbie Earl.
13:51 of 3rd period - Shot Blocked by Nathan Walker.
13:53 of 3rd period - Wrist shot by Zack Hamill.
13:53 of 3rd period - Shot Misses the Net.
13:55 of 3rd period - Slapshot by Miikka Salomaki.
13:55 of 3rd period - Stopped by Magnus Hellberg with a rebound.
14:32 of 3rd period - Wrist shot by Carter Ashton.
14:32 of 3rd period - Shot Misses the Net.
14:34 of 3rd period - Wrist shot by Carter Ashton.
14:34 of 3rd period - Shot Misses the Net.
14:36 of 3rd period - Wrist shot by Tyler Bertuzzi.
14:36 of 3rd period - Stopped by Magnus Hellberg without a rebound.
14:37 of 3rd period - Miro Aaltonen wins face-off versus Andreas Athanasiou in Knights zone.
14:37 of 3rd period - Miro Aaltonen is hit by Carter Ashton.
15:09 of 3rd period - Snap shot by Nikita Gusev.
15:09 of 3rd period - Shot Misses the Net.
15:11 of 3rd period - Snap shot by John Quenneville.
15:11 of 3rd period - Stopped by Magnus Hellberg with a rebound.
15:13 of 3rd period - Slapshot by Slava Voynov.
15:13 of 3rd period - Stopped by Magnus Hellberg with a rebound.
15:15 of 3rd period - Slapshot by Nikita Gusev.
15:15 of 3rd period - Shot Blocked by Collin Miller.
15:27 of 3rd period - Snap shot by Valentin Zykov.
15:27 of 3rd period - Stopped by Louis Domingue without a rebound.
15:28 of 3rd period - Brendan Gaunce wins face-off versus Daniel Audette in Punishers zone.
15:39 of 3rd period - Snap shot by Brendan Gaunce.
15:39 of 3rd period - Stopped by Louis Domingue without a rebound.
15:40 of 3rd period - Miro Aaltonen wins face-off versus Zack Hamill in Punishers zone.
15:51 of 3rd period - Snap shot by Jordan Martinook.
15:51 of 3rd period - Stopped by Louis Domingue with a rebound.
16:05 of 3rd period - Jordan Schmaltz is hit by Jaccob Slavin and loses puck.
16:10 of 3rd period - Wrist shot by Brendan Gaunce.
16:10 of 3rd period - Stopped by Louis Domingue with a rebound.
16:12 of 3rd period - Slapshot by Josh Morrissey.
16:12 of 3rd period - Deflect By Nikolay Goldobin.
16:12 of 3rd period - Shot Misses the Net.
16:12 of 3rd period - Puck is out of play.
16:13 of 3rd period - Andreas Athanasiou wins face-off versus Miro Aaltonen in Punishers zone.
16:20 of 3rd period - Snap shot by Carter Ashton.
16:20 of 3rd period - Shot Misses the Net.
16:42 of 3rd period - Slapshot by Josh Bailey.
16:42 of 3rd period - Shot Blocked by Dylan DeMelo.
16:44 of 3rd period - Wrist shot by Boone Jenner.
16:44 of 3rd period - Stopped by Louis Domingue with a rebound.
16:46 of 3rd period - Slapshot by Josh Bailey.
16:46 of 3rd period - Shot Blocked by Madison Bowey.
17:40 of 3rd period - Nathan Walker is hit by John Macfarland and loses puck.
19:02 of 3rd period - Boone Jenner is hit by Robbie Earl and loses puck.
19:37 of 3rd period - Nikita Gusev is hit by Josh Morrissey and loses puck.
19:44 of 3rd period - Scott Wilson is hit by Slava Voynov and loses puck.
Goals for this period are 1 for Punishers vs 0 for Knights.
Shots for this period are 15 for Punishers vs 13 for Knights.
Back to the Top